 Dungeon Crawl Stone Soup version 0.27-a0-931-g5a74e75d8f (webtiles) character file.

Game seed: 12866386778768890721

165723 Alarkh the Brawler (level 17, -7/131 HPs)
             Began as a Demonspawn Gladiator on Apr 10, 2021.
             Was a Follower of Uskayaw.
             Killed from afar by a salamander mystic (27 damage)
             ... with a bolt of magma
             ... on level 3 of the Snake Pit.
             The game lasted 01:11:54 (25982 turns).

Alarkh the Brawler (Demonspawn Gladiator)          Turns: 25982, Time: 01:11:55

Health: -7/131     AC: 16    Str: 16    XL:     17   Next: 28%
Magic:  28/28      EV: 20    Int: 18    God:    Uskayaw [*.....]
Gold:   1337       SH:  0    Dex: 15    Spells: 23/30 levels left

rFire    . . .     SeeInvis .     - Unarmed
rCold    . . .     Faith    .   (no shield)
rNeg     + . .     Spirit   .   C - +5 Cigotuvi's embrace {rMiasma Drain rN+}
rPois    +         Reflect  .   Z - +1 helmet {Int+3}
rElec    .         Harm     .   A - +1 cloak of Starlight {*Dazzle EV+4 Stlth--}
rCorr    .         Rampage  .   (gloves unavailable)
Will     +....                  g - +1 pair of boots
Stlth    ++........             P - amulet of regeneration
HPRegen  1.31/turn              Q - ring of poison resistance
MPRegen  0.21/turn              G - +4 ring of slaying

@: no status effects
A: claws 3, powered by death 2, spiny 3, augmentation 2
a: Renounce Religion, Stomp


You were on level 3 of the Snake Pit.
You worshipped Uskayaw.
Uskayaw was aware of your devotion.
You visited 5 branches of the dungeon, and saw 28 of its levels.
You also visited: Ice Cave.

You collected 4381 gold pieces.
You spent 3044 gold pieces at shops.

Inventory:

Missiles
 c - 4 throwing nets (quivered)
 j - 6 curare-tipped darts
 l - 5 atropa-tipped darts
 H - 20 poisoned darts
 J - 10 boomerangs of dispersal
Armour
 g - a +1 pair of boots (worn)
 q - a +2 cloak of willpower
 v - a +0 troll leather armour
 A - the +1 cloak of Starlight (worn) {*Dazzle EV+4 Stlth--}
   (You acquired it on level 6 of the Lair of Beasts)

   It affects your evasion (+4).
   It makes you much less stealthy.
 C - the +5 Cigotuvi's embrace (worn) {rMiasma Drain rN+}
   (You bought it in a shop on level 2 of the Orcish Mines)

   It protects you from negative energy.
   It drains your maximum health when unequipped.
 E - +0 acid dragon scales
 Z - a +1 helmet of intelligence (worn)
Jewellery
 d - a ring of flight
 h - a ring of protection from cold
 G - a +4 ring of slaying (right claw)
 I - an amulet of magic regeneration
 N - an amulet of the acrobat
 P - an amulet of regeneration (around neck)
 Q - a ring of poison resistance (left claw)
 X - the amulet "View Roy" {RegenMP rF+ Str+2}
   (You found it on level 2 of the Snake Pit)

   [amulet of magic regeneration]

   It increases your rate of magic regeneration.
   It affects your strength (+2).
   It protects you from fire.
Wands
 k - a wand of iceblast (39)
 m - a wand of random effects (35)
 t - a wand of charming (1)
 x - a wand of digging (12)
 y - a wand of mindburst (14)
 K - a wand of acid (23)
 Y - a wand of paralysis (4)
Scrolls
 a - 3 scrolls of silence
 e - a scroll of blinking
 f - 3 scrolls of enchant weapon
 n - 12 scrolls of magic mapping
 r - 8 scrolls of identify
 w - 3 scrolls of summoning
 D - 2 scrolls of enchant armour
 F - 4 scrolls of amnesia
 L - 6 scrolls of teleportation
 S - a scroll of fear
 U - 2 scrolls of fog
Potions
 i - 5 potions of flight
 o - 4 potions of might
 s - 11 potions of curing
 u - a potion of resistance
 z - 3 potions of cancellation
 B - a potion of haste
 M - 7 potions of brilliance
 O - 3 potions of berserk rage
 R - 5 potions of heal wounds
 T - a potion of ambrosia
 V - a potion of invisibility
 W - 6 potions of lignification
Miscellaneous
 p - a condenser vane


   Skills:
 + Level 11.2 Fighting
 - Level 2.7 Throwing
 + Level 9.6 Armour
 + Level 10.1 Dodging
 + Level 9.0 Stealth
 * Level 16.9 Unarmed Combat
 + Level 7.4 Spellcasting
 + Level 7.7 Conjurations
 + Level 7.4 Fire Magic
 + Level 11.4 Invocations


You had 23 spell levels left.
You knew the following spells:

 Your Spells              Type           Power      Damage    Failure   Level
a - Sticky Flame          Conj/Fire      34%        2d5       4%          4
b - Conjure Flame         Conj/Fire      34%        6-21      1%          3

Your spell library contained the following spells:

 Spells                   Type           Power      Damage    Failure   Level
 Foxfire                  Conj/Fire      100%       2x1d9     1%          1
 Dazzling Flash           Conj/Hex       40%        N/A       7%          3
 Inner Flame              Hex/Fire       20%        N/A       8%          3
 Animate Skeleton         Necr           12%        N/A       12%         1
 Apportation              Tloc           12%        N/A       12%         1
 Corona                   Hex            6%         N/A       12%         1
 Pain                     Necr           24%        1d5       12%         1
 Summon Small Mammal      Summ           24%        N/A       12%         1
 Mephitic Cloud           Conj/Pois/Air  16%        N/A       12%         3
 Fireball                 Conj/Fire      17%        3d9       14%         5
 Call Imp                 Summ           6%         N/A       19%         2
 Corpse Rot               Necr/Air       N/A        N/A       19%         2
 Ensorcelled Hibernation  Hex/Ice        12%        N/A       19%         2
 Poisonous Vapours        Pois/Air       12%        N/A       19%         2
 Sublimation of Blood     Necr           3%         N/A       19%         2
 Call Canine Familiar     Summ           6%         N/A       34%         3
 Confusing Touch          Hex            6%         N/A       34%         3
 Gell's Gravitas          Tloc           3%         N/A       34%         3
 Lesser Beckoning         Tloc           3%         N/A       34%         3
 Summon Guardian Golem    Hex/Summ       6%         N/A       34%         3
 Tukima's Dance           Hex            6%         N/A       34%         3
 Vampiric Draining        Necr           3%         2d6       34%         3
 Animate Dead             Necr           3%         N/A       75%         4
 Dispel Undead            Necr           6%         3d8       75%         4
 Petrify                  Tmut/Erth      6%         N/A       75%         4
 Summon Ice Beast         Ice/Summ       6%         N/A       75%         4
 Summon Lightning Spire   Summ/Air       6%         N/A       75%         4
 Agony                    Necr           6%         N/A       97%         5
 Alistair's Intoxication  Tmut/Pois      4%         N/A       97%         5
 Excruciating Wounds      Necr           3%         N/A       97%         5
 Metabolic Englaciation   Hex/Ice        3%         N/A       97%         5
 Yara's Violent Unravell  Hex/Tmut       3%         3d4       97%         5
 Freezing Cloud           Conj/Ice/Air   8%         6-21      99%         6
 Invisibility             Hex            6%         N/A       100%        6
 Borgnjor's Revivificati  Necr           3%         N/A       100%        8
 Infestation              Necr           3%         N/A       100%        8
 Necromutation            Tmut/Necr      3%         N/A       100%        8
 Death's Door             Necr           3%         N/A       100%        9


Dungeon Overview and Level Annotations

Branches:
Dungeon (15/15)            Temple (1/1) D:7            Lair (6/6) D:8
 Shoals (0/4) Lair:4        Snake (4/4) Lair:4        Slime (0/5) Lair:5
    Orc (2/2) D:11            Elf (0/3) Orc:2        Vaults (0/5) D:13
 Depths (0/5) D:15          IceCv (visited)

Altars:
Ashenzari
Cheibriados
Dithmenos
Elyvilon
Fedhas
Gozag
Hepliaklqana
Kikubaaqudgha
Makhleb
Nemelex Xobeh
Okawaru
Qazlal
Ru
Sif Muna
Trog
Uskayaw
Vehumet
Wu Jian
Xom
Yredelemnul
Zin
The Shining One
Beogh

Shops:
D:2 *=*(   D:4 [   D:6 *   D:8 *   D:10 ?   D:13 ?   Orc:1 *   Orc:2 [(**
Snake:1 !?

Annotations:
D:15 3 runed translucent doors, Widevy Xedup's ghost, journeyman GnFE
Lair:3 2 transporters, Cimewiq's ghost, journeyman DECj
Snake:1 2 runed translucent doors, Yhannich's ghost, adept GnWr


Innate Abilities, Weirdness & Mutations

You have claws for hands.
You regenerate health from kills.
You are completely covered in sharp spines.
Your magical and physical power is enhanced at high health.


Message History

The naga sharpshooter wields a +0 hand axe.
The naga sharpshooter closely misses you.
You can now pass through a line of other dancers.
You barely miss the naga sharpshooter.
The naga sharpshooter is severely wounded.
The salamander hits you from afar with a +2 trident!
You are engulfed in flames!
* * * LOW HITPOINT WARNING * * *
Unknown command.
You mangle the naga sharpshooter!!
The naga sharpshooter is almost dead.
The naga sharpshooter unwields a +0 hand axe.
The naga sharpshooter wields a +0 arbalest.
The naga sharpshooter shoots a bolt.
The bolt hits you!
* * * LOW HITPOINT WARNING * * *
Unknown command.
You claw the naga sharpshooter!
You kill the naga sharpshooter!
The salamander wields a +0 shortbow of flaming.
It bursts into flame!
The salamander shoots an arrow.
The arrow completely misses you.
The salamander mystic points at the naga and mumbles some strange words.
The naga seems to speed up.
The salamander shoots an arrow.
The arrow hits you!
* * * LOW HITPOINT WARNING * * *
The arrow burns you.
* * * LOW HITPOINT WARNING * * *
The salamander shoots an arrow.
The arrow hits you but does no damage.
The salamander shoots an arrow.
The arrow hits you!
* * * LOW HITPOINT WARNING * * *
The arrow burns you.
* * * LOW HITPOINT WARNING * * *
You start resting.
A chunk of your corpse armour falls away.
You can no longer pass through a line of other dancers.
A salamander mystic is nearby!
You scratch the salamander mystic.
The salamander mystic is lightly wounded.
The salamander mystic casts a spell at you.
The bolt of magma hits you!!
You die...

....
###...............
.... #
##.....##.....###
.... .#
......###.....# .
... ......#
##.....# ....
####..###......###
#......
#..#...##.....#
#.....#..
##....)##....##
..# #..
#........##.# ###
#.. #@....#### .#
##
.###..#####N.### .
.# ......N.N..###
## .....##N...#
... #.....# .
#..###...# ..###
#.#.. .## ## # #


You could see a salamander mystic.

Vanquished Creatures
  Vashnia (Snake:2)
  A frost giant (IceCv)
  A nagaraja (Snake:2)
  2 orc warlords (Orc:2)
  Aizul (Snake:2)
  Nessos (Orc:2)
  3 salamander tyrants (Snake:2)
  An ettin (Orc:2)
  3 fire dragons
  Harold (D:7)
  4 vault guards (D:13)
  6 naga warriors
  3 boulder beetles
  A catoblepas (Lair:3)
  Erica (Lair:2)
  7 hydras
  6 anacondas
  2 centaur warriors (D:13)
  6 two-headed ogres
  A merfolk avatar (Lair:6)
  2 tengu warriors (D:15)
  The ghost of sastreii the Fighter, a novice NaGl of Gozag (D:7)
  5 orc high priests
  10 naga sharpshooters
  2 shock serpents
  6 skeletal warriors
  A sea snake (Snake:1)
  4 salamander mystics
  8 naga ritualists
  A harpy (Lair:6)
  A deep elf archer (D:13)
  An obsidian statue (Snake:2)
  A wizard (D:13)
  12 mana vipers
  7 ugly things
  3 deep elf pyromancers
  6 orc knights
  12 salamanders
  3 manticores
  5 orc sorcerers (Orc:2)
  An oklob plant (Lair:3)
  7 cyclopes
  12 elephants
  12 naga magi
  An ice statue (IceCv)
  A torpor snail (Lair:3)
  44 black mambas
  A guardian serpent (Snake:2)
  18 cane toads
  Maggie (D:7)
  10 rime drakes
  10 komodo dragons
  A kobold demonologist (D:12)
  An efreet (D:15)
  A tengu conjurer (D:13)
  6 trolls
  3 wind drakes
  4 hornets
  14 blink frogs
  21 polar bears
  Prince Ribbit (D:5)
  10 slime creatures
  5 dream sheep (Lair:6)
  5 shadows
  Sigmund (D:5)
  2 wraiths
  3 basilisks
  2 humans
  5 wyverns
  80 yaks
  7 vampire mosquitoes
  Menkaure (D:5)
  4 wargs
  20 nagas
  11 water moccasins
  2 acid dragons
  43 orc warriors
  3 ice beasts
  A hornet zombie (D:5)
  A sky beast (D:5)
  14 centaurs
  12 ogres
  39 wolves
  4 phantoms
  3 kobold brigands
  10 bullfrogs
  A scorpion (D:5)
  8 killer bees
  A wight (D:7)
  2 howler monkeys
  3 electric eels
  2 jellies (D:5)
  3 centaur zombies
  32 orc priests
  4 hounds
  Crazy Yiuf (D:6)
  A bullfrog skeleton (D:6)
  An iguana (D:5)
  19 orc wizards
  7 hell rats (Lair:4)
  4 hound skeletons
  2 howler monkey zombies
  5 adders
  A gnoll (D:5)
  A shadow imp (D:7)
  A white imp (D:8)
  4 ufetubi (D:5)
  2 worms
  2 dart slugs (D:2)
  154 orcs
  11 ball pythons
  6 endoplasms
  3 giant cockroaches
  6 goblins
  7 hobgoblins
  9 jackals
  18 kobolds
  5 quokkas
  4 bats
  4 frilled lizards
  5 rats
  A spectral orc (D:7)
  A bush (Lair:3)
942 creatures vanquished.

Vanquished Creatures (others)
  A yak (IceCv)
  A bush (Lair:3)
  19 fungi
  43 plants
64 creatures vanquished.

Grand Total: 1006 creatures vanquished

Notes
Turn   | Place    | Note
-------+----------+-------------------------------------------
     0 | D:1      | Alarkh the Demonspawn Gladiator began the quest for the
                  | Orb.
     0 | D:1      | Reached XP level 1. HP: 16/16 MP: 1/1
   157 | D:1      | Reached skill level 3 in Unarmed Combat
   330 | D:1      | Gained mutation: You have sharp fingernails. [demonic
                  | ancestry]
   330 | D:1      | Reached XP level 2. HP: 11/22 MP: 2/2
   893 | D:2      | Found Digifim's Assorted Antiques.
   960 | D:2      | Gained mutation: You have very sharp fingernails. [demonic
                  | ancestry]
   960 | D:2      | Reached XP level 3. HP: 24/28 MP: 3/3
  1243 | D:2      | Found Irioscheco's Antique Weapon Shop.
  1651 | D:2      | Found Zehije's Distillery.
  1756 | D:2      | Found Aggicow's General Store.
  1764 | D:2      | Bought a potion of lignification for 30 gold pieces
  1764 | D:2      | Bought a potion of heal wounds for 50 gold pieces
  1773 | D:2      | Found Otzixer's Jewellery Shop.
  1967 | D:3      | Noticed an ice beast
  2318 | D:2      | Killed an ice beast
  2319 | D:2      | Reached skill level 4 in Unarmed Combat
  2319 | D:2      | Reached XP level 4. HP: 35/35 MP: 4/4
  2319 | D:2      | Gained mutation: You regenerate a little health from kills.
                  | [demonic ancestry]
  2319 | D:2      | Reached XP level 5. HP: 41/41 MP: 5/5
  2393 | D:3      | Reached skill level 11 in Unarmed Combat
  2393 | D:3      | Gained mutation: You are partially covered in sharp spines.
                  | [demonic ancestry]
  2393 | D:3      | Reached XP level 6. HP: 47/47 MP: 6/6
  3069 | D:4      | Gained mutation: You are mostly covered in sharp spines.
                  | [demonic ancestry]
  3069 | D:4      | Reached XP level 7. HP: 53/53 MP: 7/7
  3306 | D:4      | Found Purruin's Armour Boutique.
  3423 | D:5      | Entered Level 5 of the Dungeon
  3565 | D:5      | Reached skill level 12 in Unarmed Combat
  3598 | D:5      | Noticed Prince Ribbit
  3604 | D:5      | Reached skill level 1 in Armour
  3611 | D:5      | Killed Prince Ribbit
  3644 | D:5      | Noticed Sigmund
  3770 | D:5      | Killed Sigmund
  3771 | D:5      | Gained mutation: You are completely covered in sharp
                  | spines. [demonic ancestry]
  3771 | D:5      | Reached XP level 8. HP: 44/61 MP: 8/8
  3885 | D:5      | Noticed Menkaure
  3892 | D:5      | Killed Menkaure
  4467 | D:5      | Reached XP level 9. HP: 53/67 MP: 9/9
  4593 | D:6      | Found Sxinnyuk's Superlative Supplies.
  4655 | D:6      | Identified a scroll of acquirement
  4660 | D:6      | Acquired 482 gold pieces
  4755 | D:6      | Reached skill level 5 in Fighting
  4974 | D:6      | Found a runed translucent door.
  4975 | D:6      | Noticed Crazy Yiuf
  5207 | D:6      | Killed Crazy Yiuf
  5379 | D:7      | Noticed Harold
  5403 | D:7      | Killed Harold
  5596 | D:7      | Found a basalt altar of Yredelemnul.
  5678 | D:7      | Found a staircase to the Ecumenical Temple.
  5702 | Temple   | Entered the Ecumenical Temple
  5788 | Temple   | Became a worshipper of Uskayaw the Reveller
  5818 | D:7      | Found a shimmering altar of Xom.
  5819 | D:7      | Found a bloodstained altar of Trog.
  5822 | D:7      | Found a radiant altar of Vehumet.
  5822 | D:7      | Found a burning altar of Makhleb.
  5823 | D:7      | Found an opulent altar of Gozag.
  5823 | D:7      | Found a blossoming altar of Fedhas.
  5823 | D:7      | Found a shadowy altar of Dithmenos.
  5910 | D:7      | Reached * piety under Uskayaw
  5982 | D:7      | Noticed Maggie
  6000 | D:7      | Reached ** piety under Uskayaw
  6002 | D:7      | Killed Maggie
  6002 | D:7      | Reached *** piety under Uskayaw
  6003 | D:7      | Gained mutation: You have claws for hands. [demonic
                  | ancestry]
  6003 | D:7      | Reached XP level 10. HP: 52/76 MP: 10/10
  6091 | D:7      | Identified the +1 plate armour of Dishonesty {Regen+ Str+3}
  6092 | D:7      | Noticed sastreii's ghost (novice NaGl)
  6092 | D:7      | Found a runed translucent gate.
  6092 | D:7      | Found a runed translucent gate.
  6092 | D:7      | Found a runed translucent gate.
  6338 | D:8      | Reached **** piety under Uskayaw
  6340 | D:8      | Reached skill level 13 in Unarmed Combat
  6345 | D:8      | Reached ***** piety under Uskayaw
  6611 | D:6      | Bought a +4 ring of slaying for 858 gold pieces
  6715 | D:8      | Reached skill level 5 in Dodging
  6731 | D:8      | Paralysed by a hornet for 3 turns
  6736 | D:8      | Paralysed by a hornet for 3 turns
  6951 | D:8      | Found an ornate altar of the Wu Jian Council.
  7048 | D:8      | Reached ****** piety under Uskayaw
  7106 | D:8      | Found a broken altar of Ashenzari.
  7129 | D:8      | Found Defynn's General Store.
  7144 | D:8      | Found a staircase to the Lair.
  7561 | D:9      | Found an ancient bone altar of Kikubaaqudgha.
  8071 | D:9      | Reached XP level 11. HP: 59/83 MP: 11/11
  8241 | D:9      | Reached skill level 1 in Invocations
  8245 | D:9      | Reached skill level 1 in Stealth
  8323 | D:10     | Entered Level 10 of the Dungeon
  8405 | D:10     | Reached skill level 5 in Armour
  8498 | D:10     | Noticed a two-headed ogre
  8508 | D:10     | Killed a two-headed ogre
  8697 | D:10     | Found Imuerav's Magic Scroll Shoppe.
  8706 | D:10     | Bought a scroll of magic mapping for 38 gold pieces
  8706 | D:10     | Bought a scroll of teleportation for 33 gold pieces
  8706 | D:10     | Bought a scroll of blinking for 82 gold pieces
  8809 | D:10     | Noticed a skeletal warrior
  8809 | D:10     | Noticed a skeletal warrior
  8825 | D:10     | Killed a skeletal warrior
  8832 | D:10     | Killed a skeletal warrior
  8871 | D:10     | Noticed a skeletal warrior
  8871 | D:10     | Noticed a skeletal warrior
  8871 | D:10     | Noticed a skeletal warrior
  8887 | D:10     | Killed a skeletal warrior
  9228 | D:8      | Killed a skeletal warrior
  9515 | D:9      | Killed a skeletal warrior
  9874 | Lair:1   | Entered Level 1 of the Lair of Beasts
  9885 | Lair:1   | Learned a level 3 spell: Conjure Flame
  9938 | Lair:1   | Reached skill level 1 in Conjurations
  9938 | Lair:1   | Reached skill level 1 in Fire Magic
  9942 | Lair:1   | Reached skill level 1 in Spellcasting
 10678 | Lair:2   | Gained mutation: Your magical and physical power is
                  | slightly enhanced at high health. [demonic ancestry]
 10678 | Lair:2   | Reached XP level 12. HP: 70/91 MP: 15/15
 11102 | D:2      | Bought an amulet of regeneration for 360 gold pieces
 11623 | Lair:2   | Noticed Erica
 11671 | Lair:2   | Killed Erica
 11689 | Lair:2   | Noticed a five-headed hydra
 11691 | Lair:2   | Noticed an eight-headed hydra
 11811 | Lair:2   | Killed an eight-headed hydra
 11817 | Lair:2   | Identified the +1 robe of Hide-and-Seek {rElec rN+}
 12494 | Lair:3   | Reached skill level 5 in Conjurations
 12515 | Lair:3   | Reached skill level 5 in Fire Magic
 12520 | Lair:3   | Learned a level 4 spell: Sticky Flame
 12532 | Lair:3   | Noticed a catoblepas
 12546 | Lair:3   | Killed a catoblepas
 12547 | Lair:3   | Reached skill level 5 in Spellcasting
 12760 | Lair:3   | Noticed Cimewiq's ghost (journeyman DECj)
 12762 | Lair:3   | Noticed a death yak
 12762 | Lair:3   | Noticed a death yak
 12771 | Lair:3   | Found a transporter.
 12774 | Lair:3   | Found a transporter.
 13327 | Lair:4   | Gained mutation: Your magical and physical power is
                  | enhanced at high health. [demonic ancestry]
 13327 | Lair:4   | Reached XP level 13. HP: 84/96 MP: 22/22
 13355 | Lair:4   | Found a staircase to the Snake Pit.
 13361 | Lair:4   | Reached skill level 14 in Unarmed Combat
 13479 | Lair:4   | Found a staircase to the Shoals.
 14071 | Lair:5   | Found a frozen archway.
 14165 | Lair:5   | Reached skill level 5 in Invocations
 14378 | IceCv    | Entered an ice cave
 14477 | IceCv    | Identified the ring of Potzioth {Ice Int+2 Slay+3}
 14586 | IceCv    | Identified the amulet of Hessistyat {RegenMP Slay+3}
 14720 | IceCv    | Noticed a frost giant
 14738 | IceCv    | Killed a frost giant
 15089 | Lair:5   | Found a staircase to the Slime Pits.
 15656 | Lair:6   | Entered Level 6 of the Lair of Beasts
 15677 | Lair:6   | Reached XP level 14. HP: 94/106 MP: 23/23
 15716 | Lair:6   | Reached skill level 5 in Stealth
 15766 | Lair:6   | Identified the +1 chain mail of Autotheism {Dex+4}
 15787 | Lair:6   | Acquired the +1 cloak of Starlight {*Dazzle EV+4 Stlth--}
 15788 | Lair:6   | Found the +1 cloak of Starlight {*Dazzle EV+4 Stlth--}
 15990 | Lair:6   | Identified the +0 whip "Xajedomi" {drain, Str+3}
 16106 | Lair:6   | Reached skill level 15 in Unarmed Combat
 17230 | D:11     | Found a staircase to the Orcish Mines.
 17392 | D:7      | Killed sastreii's ghost
 17536 | Orc:1    | Entered Level 1 of the Orcish Mines
 18176 | Orc:2    | Entered Level 2 of the Orcish Mines
 18181 | Orc:2    | Noticed Nessos
 18198 | Orc:2    | Killed Nessos
 18276 | Orc:1    | Found Poageg's Practical Paraphernalia.
 18506 | Orc:1    | You fall into a shaft and drop 1 floor!
 18742 | Orc:2    | Found Quef's Antique Armour Boutique.
 19273 | Orc:2    | Found Tyhoun's Antique Weapon Shop.
 19402 | Orc:2    | Reached XP level 15. HP: 105/114 MP: 15/24
 19405 | Orc:2    | Noticed an orc warlord
 19429 | Orc:2    | Killed an orc warlord
 19701 | Orc:2    | Found Ismocrio's General Store.
 19746 | Orc:2    | Noticed an orc warlord
 19760 | Orc:2    | Killed an orc warlord
 19797 | Orc:2    | Found Digee's Assorted Antiques.
 20062 | Orc:2    | Found a staircase to the Elven Halls.
 20414 | Orc:2    | Bought a slimy robe for 165 gold pieces
 20414 | Orc:2    | Identified the +1 robe of Quantum Leap {rC+} (You bought it
                  | in a shop on level 2 of the Orcish Mines)
 20415 | Orc:2    | Bought the +4 Cigotuvi's embrace {rMiasma Drain rN+} for
                  | 800 gold pieces
 20415 | Orc:2    | Found the +4 Cigotuvi's embrace {rMiasma Drain rN+}
 20718 | D:12     | Acquired 957 gold pieces
 21100 | D:13     | Reached skill level 10 in Fighting
 21450 | D:13     | Found Huosi's Magic Scroll Boutique.
 21546 | D:13     | Reached skill level 16 in Unarmed Combat
 21740 | D:13     | Found a gate to the Vaults.
 22425 | D:14     | Reached skill level 10 in Invocations
 22483 | D:15     | Entered Level 15 of the Dungeon
 22705 | D:15     | Found a staircase to the Depths.
 23221 | D:15     | Gained mutation: You regenerate health from kills. [demonic
                  | ancestry]
 23221 | D:15     | Reached XP level 16. HP: 95/123 MP: 25/25
 23224 | D:15     | Found a runed translucent gate.
 23224 | D:15     | Found a runed translucent gate.
 23224 | D:15     | Found a runed translucent gate.
 23225 | D:15     | Noticed Widevy Xedup's ghost (journeyman GnFE)
 23388 | Orc:1    | Bought a ring of poison resistance for 280 gold pieces
 23636 | Snake:1  | Entered Level 1 of the Snake Pit
 23681 | Snake:1  | Found Ochadued's Distillery.
 23692 | Snake:1  | Found Fatel's Magic Scroll Boutique.
 23718 | Snake:1  | Bought a potion of haste for 120 gold pieces
 23718 | Snake:1  | Bought 2 potions of heal wounds for 120 gold pieces
 23718 | Snake:1  | Bought a potion of might for 48 gold pieces
 23718 | Snake:1  | Bought a potion of heal wounds for 60 gold pieces
 24353 | Snake:1  | Found a large runed translucent door.
 24354 | Snake:1  | Found a large runed translucent door.
 24355 | Snake:1  | Noticed Yhannich's ghost (adept GnWr)
 24635 | Snake:2  | Found a transporter.
 24679 | Snake:2  | You fall into a shaft and drop 1 floor!
 24686 | Snake:4  | Entered Level 4 of the Snake Pit
 24776 | Snake:2  | Noticed Vashnia
 24905 | Snake:2  | Killed Vashnia
 24941 | Snake:2  | Noticed Aizul
 24954 | Snake:2  | Killed Aizul
 24966 | Snake:2  | Found a transporter.
 25404 | Snake:2  | Identified the amulet "View Roy" {RegenMP rF+ Str+2}
 25538 | Snake:3  | Reached XP level 17. HP: 131/131 MP: 27/27
 25612 | Snake:3  | Reached skill level 10 in Dodging
 25982 | Snake:3  | Killed from afar by a salamander mystic

Illustrated notes

Levels and vault maps discovered:
D:1:      psy_arrival_heroes, layout_basic, nrook_mini_vaults
D:2:      layout_basic, serial_shops, shop_coins, shop_fountains, shop,
          nicolae_shop_waterfront, shop, kennysheep_generic_room_9
D:3:      layout_basic
D:4:      cheibrodos_helix_gallery, layout_rooms, serial_shops, shop
D:5:      minmay_razor_zed, layout_gridville, chequers_serial_rivers_micro_b,
          minmay_tree_intersection, uniq_prince_ribbit1, uniq_menkaure,
          uniq_sigmund
D:6:      layout_rooms, elyvilon_altar_1, serial_rivers,
          chequers_serial_rivers_room_a, chequers_serial_rivers_marsh,
          chequers_serial_rivers_micro_e, chequers_serial_rivers_micro_d,
          chequers_serial_rivers_micro_a, st_stairs_8, nicolae_alphabet_shops,
          uniq_crazy_yiuf_cottage
D:7:      layout_loops_ring, yredelemnul_forgotten_temple_becter,
          grunt_temple_overflow_open, minmay_temple_entry_tees,
          biasface_ghost_orc_armoury, minmay_crystal_water,
          minmay_misc_feat_four_crosses, serial_bayou_pond_e, st_stairs_4,
          uniq_maggie, uniq_harold
D:8:      layout_gridville, amcnicky_altar_gilded, nicolae_ashenzari_panopticon,
          serial_shops, shop, minmay_misc_feat_iff
D:9:      layout_roguey [special_room_orc], lemuel_round_altar, special_room
          [special_room_orc], kennysheep_generic_room_16
D:10:     layout_irregular_city, serial_shops, nicolae_shop_stone
D:11:     layout_rooms, erik_orc_4
D:12:     layout_rooms, kennysheep_nondescript, minmay_holes,
          minmay_joined_circles
D:13:     layout_basic, grunt_vaults_entry_fortified, serial_shops, shop,
          kennysheep_generic_room_14
D:14:     layout_gridville, minmay_misc_feat_roman
D:15:     grunt_enter_depths_hoard, layout_long_grid, minivault_11,
          gammafunk_ghost_hydra_chop
Temple:   compressed_dpeg_circular_temple
Lair:1:   layout_chaotic_city
Lair:2:   layout_regular_city, grunt_megastairs_2, uniq_erica
Lair:3:   layout_hall_layers, gammafunk_ghost_arena, minmay_hedge_maze,
          grunt_megastairs_4, lemuel_fruit_tree
Lair:4:   layout_gridlike, minmay_shoals_entry_beasts,
          guppyfry_snake_entry_garden
Lair:5:   layout_layer_cave, dpeg_slime_entry_corner,
          portal_ice_cave_entry_pillars_2, lookout_lair_type,
          serial_bayou_lagoon_a
Lair:6:   gammafunk_lair_ancient_temple, layout_cave_pods
Snake:1:  layout_basic, ebering_ghost_disaster_area, minmay_shop_star
Snake:2:  gammafunk_sealed_arena, layout_basic, drop_trap, uniq_aizul,
          uniq_vashnia
Snake:3:  layout_layer_cave, serial_bayou_shore_b
Snake:4:  grunt_snake_rune_pools, layout_cave_town
Orc:1:    layout_caves, nicolae_alphabet_shops
Orc:2:    pubby_orc_utopia, uniq_nessos

Skill      XL: |  1  2  3  4  5  6  7  8  9 10 11 12 13 14 15 16 17 |
---------------+----------------------------------------------------+-----
Unarmed Combat | 3 4 11 12 13 14 15 16 | 16.9
Fighting       | 3 4 5 6 7 8 9 10 11 | 11.2
Armour         | 1 2 3 4 5 6 7 8 9 |  9.6
Dodging        | 3 4 5 6 7 8 9 10 | 10.1
Invocations    | 3 6 8 10 11 | 11.4
Stealth        | 2 4 6 7 8 9 |  9.0
Throwing       | 2 |  2.7
Conjurations   | 2 6 7 |  7.7
Fire Magic     | 2 6 7 |  7.4
Spellcasting   | 2 6 7 |  7.4

Action                   |  1- 3 |  4- 6 |  7- 9 | 10-12 | 13-15 | 16-18 || total
-------------------------+-------+-------+-------+-------+-------+-------++-------
Melee: Unarmed           |   144 |    56 |   157 |   401 |   881 |   364 ||  2003
       Punch             |     2 |     1 |     8 |    28 |    75 |    36 ||   150
Throw: Throwing net      |     4 |       |     1 |     1 |       |       ||     6
       Dart              |       |       |     8 |     6 |       |     1 ||    15
 Cast: Conjure Flame     |       |       |       |     5 |    36 |       ||    41
       Sticky Flame      |       |       |       |       |     8 |       ||     8
Invok: Stomp             |       |       |       |       |     1 |       ||     1
  Use: Scroll            |     3 |       |     6 |    14 |    10 |     5 ||    38
       Potion            |     2 |     1 |     2 |     4 |     5 |     4 ||    18
 Stab: Sleeping          |     1 |       |     1 |       |     4 |       ||     6
       Held in net/web   |     1 |       |       |       |       |       ||     1
       Paralysed         |       |       |       |    32 |    96 |    42 ||   170
       Invisible         |       |       |       |       |    18 |    13 ||    31
       Distracted        |       |       |       |       |     1 |       ||     1
Armor: Leather armour    |    34 |    10 |    23 |       |    52 |   108 ||   227
       Skin              |       |       |     3 |       |       |       ||     3
       Acid dragon scale |       |       |       |   108 |   184 |       ||   292
Dodge: Dodged            |    99 |    29 |    53 |   172 |   637 |   234 ||  1224

Table legend: (Time is in decaauts)
 A = Elapsed time spent in this place.
 B = Non-inter-level travel time spent in this place.
 C = Inter-level travel time spent in this place.
 D = Time resting spent in this place.
 E = Time spent auto-exploring this place.
 F = Levels seen in this place.
 G = Mean time per level.
                   A        B        C        D        E       F      G
               +--------+--------+--------+--------+--------+-----+--------+
         Total |  25716 |  22551 |   3165 |   1879 |  15867 |  29 |  886.8 |
       Dungeon |  14448 |  12346 |   2102 |   1606 |   8681 |  15 |  963.2 |
        Temple |    103 |     71 |     32 |      0 |     70 |   1 |  103.0 |
          Lair |   5998 |   5379 |    619 |     53 |   4154 |   6 |  999.7 |
     Snake Pit |   2223 |   2133 |     90 |     48 |   1434 |   4 |  555.8 |
  Orcish Mines |   2478 |   2158 |    320 |    161 |   1325 |   2 | 1239.0 |
      Ice Cave |    464 |    464 |      0 |     10 |    201 |   1 |  464.0 |
               +--------+--------+--------+--------+--------+-----+--------+

Top non-repeatable levels by time:
   Orc:2: 1694 daAuts
     D:8: 1653 daAuts
     D:2: 1520 daAuts
     D:9: 1301 daAuts
     D:7: 1260 daAuts
  Lair:2: 1149 daAuts
     D:1: 1135 daAuts
  Lair:5: 1123 daAuts
  Lair:6: 1120 daAuts
     D:5: 992 daAuts
    D:10: 953 daAuts
  Lair:1: 942 daAuts
    D:13: 934 daAuts
 Snake:2: 891 daAuts
  Lair:3: 871 daAuts
